 Dungeon Crawl Stone Soup version 0.18-a0-1535-g243bd92 (webtiles) character file.

1050 MenacingMecha the Basher (level 8, 0/78 HPs)
             Began as an Ogre Berserker on Mar 9, 2016.
             Was a Priest of Trog.
             Succumbed to a centaur's poison
             ... on level 5 of the Dungeon.
             The game lasted 00:14:27 (6071 turns).

MenacingMecha the Basher (Ogre Berserker)           Turns: 6071, Time: 00:14:27

Health: 0/78       AC:  4    Str: 28    XL:     8   Next: 26%
Magic:  8/8        EV: 11    Int:  6    God:    Trog [***...]
Gold:   225        SH:  0    Dex: 15    Spells: 0 memorised, 7 levels left

rFire  . . .     SeeInvis .     G - +2 flail (crush)
rCold  . . .     Gourm    .     b - +0 animal skin
rNeg   . . .     Faith    .     (no shield)
rPois  .         Spirit   .     (helmet restricted)
rElec  .         Dismiss  .     A - +0 cloak
rCorr  .         Reflect  .     (gloves unavailable)
SustAt .         Harm     .     (boots unavailable)
MR     ++...                    (no amulet)
Stlth  +.........               j - +4 ring of dexterity
                                w - +5 ring of strength

@: lethally poisoned (0 -> -5), regenerating, very resistant to hostile
enchantments, very unstealthy
A: unfitting armour, tough skin 1
a: Berserk, Trog's Hand, Burn Spellbooks, Renounce Religion


You were on level 5 of the Dungeon.
You worshipped Trog.
Trog was most pleased with you.
You were hungry.

You visited 1 branch of the dungeon, and saw 5 of its levels.

You collected 294 gold pieces.
You spent 69 gold pieces at shops.

Inventory:

Hand Weapons
 G - a +2 flail of crushing (weapon)
Missiles
 B - a tomahawk (quivered)
Armour
 b - a +0 animal skin (worn)
 A - a +0 cloak (worn)
Jewellery
 j - a +4 ring of dexterity (right hand)
 p - an uncursed ring of magical power
 w - a +5 ring of strength (left hand)
Wands
 E - a wand of disintegration (11/24)
Scrolls
 e - 6 scrolls of identify {unknown}
 h - 4 scrolls of amnesia {unknown}
 i - 4 scrolls of teleportation {unknown}
 k - a scroll of random uselessness {unknown}
 l - 2 scrolls of magic mapping {unknown}
 m - a scroll of blinking {unknown}
 n - 3 scrolls of remove curse {unknown}
 o - a scroll of fog {unknown}
 q - 3 scrolls of recharging {unknown}
 r - 3 scrolls of immolation {unknown}
 s - 4 scrolls of noise
 y - 2 scrolls of enchant armour {unknown}
Potions
 a - 2 potions of might {unknown}
 f - 2 potions of cancellation {unknown}
 g - a potion of flight {unknown}
 t - 2 potions of mutation {unknown}
 u - 2 potions of heal wounds
 z - 2 potions of curing {unknown}
 D - a potion of berserk rage {unknown}
Comestibles
 c - 4 bread rations
 d - a beef jerky
 x - 2 meat rations
 C - a slice of pizza
 F - a fruit


   Skills:
 - Level 4.0 Fighting
 + Level 12.5 Maces & Flails
 - Level 2.6 Dodging


You had 7 spell levels left.
You didn't know any spells.

Dungeon Overview and Level Annotations

Branches:
Dungeon (5/15)
 Temple: D:4-7

Altars:
Dithmenos

Shops:
D:4 **}   D:5 !

Annotations:
D:3 P0WERM0DE's ghost, amateur DgWn
D:5 Sigmund


Innate Abilities, Weirdness & Mutations

You are too large for most types of armour.
You have tough skin (AC +1).


Message History

The poisoned arrow barely misses you.
You see here a poisoned arrow.
You feel sick.
You start resting.
You feel sick. x3
The centaur shoots a poisoned arrow.
The poisoned arrow hits you!
* * * LOW HITPOINT WARNING * * *
You are more poisoned.
Your skin crawls.
You feel resistant to hostile enchantments.
You feel slightly more hungry.
You feel sick.
The centaur shoots a poisoned arrow.
The poisoned arrow completely misses you.
You feel sick.
The centaur unwields an uncursed shortbow.
The centaur hits you.
* * * LOW HITPOINT WARNING * * *
You see here a poisoned arrow.
You sock the centaur!
The centaur is heavily wounded.
You die...

..###### #.....#
..##...######.....#
..#...............#
..#...............###
.....)..............#
................###.#
................# #.#
.......>........###.###
###..........##.@c#...#
#####..........(#.###.#
.. .............#.# ###
.@........(.....#.#
.........########(# ..
#.......###.# ..
............# ..
#....c....(.# .
#........c..#


You could see a centaur.

Vanquished Creatures
  An ice beast (D:5)
  4 phantoms
  A howler monkey (D:4)
  2 crimson imps
  An orc wizard (D:5)
  6 orc priests
  2 hounds (D:4)
  An iguana (D:5)
  10 adders
  An ooze (D:3)
  2 worms (D:2)
  3 dart slugs
  5 giant geckos
  17 orcs
  6 bats
  6 giant cockroaches
  7 goblins
  7 hobgoblins
  4 jackals (D:2)
  3 quokkas
  3 ball pythons
  5 giant newts
  10 kobolds
  2 quokka skeletons (D:5)
  6 rats
115 creatures vanquished.

Notes
Turn   | Place    | Note
--------------------------------------------------------------
     0 | D:1      | MenacingMecha the Ogre Berserker began the quest for the Orb.
     0 | D:1      | Reached XP level 1. HP: 24/24 MP: 1/1
   227 | D:1      | Reached XP level 2. HP: 32/32 MP: 2/2
   359 | D:1      | Reached skill level 5 in Maces & Flails
   935 | D:2      | Reached XP level 3. HP: 39/39 MP: 3/3
  1121 | D:2      | Reached skill level 6 in Maces & Flails
  1609 | D:2      | Reached ** piety under Trog
  1609 | D:2      | Reached XP level 4. HP: 43/48 MP: 4/4
  2281 | D:2      | Reached skill level 7 in Maces & Flails
  2801 | D:3      | Reached XP level 5. HP: 54/54 MP: 5/5
  2956 | D:3      | Reached skill level 8 in Maces & Flails
  3062 | D:3      | Reached *** piety under Trog
  3245 | D:3      | Noticed P0WERM0DE's ghost (amateur DgWn)
  3461 | D:4      | Reached XP level 6. HP: 41/62 MP: 6/6
  3761 | D:4      | Noticed a phantom
  3774 | D:4      | Killed a phantom
  3774 | D:4      | Reached skill level 9 in Maces & Flails
  4028 | D:4      | Found Sijoytyunal's General Store.
  4032 | D:4      | Found Eqeudeuwk's General Store.
  4034 | D:4      | Bought a scroll of noise for 14 gold pieces
  4037 | D:4      | Bought a potion of heal wounds for 55 gold pieces
  4089 | D:4      | Noticed a phantom
  4136 | D:4      | Killed a phantom
  4136 | D:4      | Reached skill level 10 in Maces & Flails
  4136 | D:4      | Reached XP level 7. HP: 40/70 MP: 7/7
  4435 | D:4      | Found Fyakol's Gadget Shoppe.
  4953 | D:5      | Entered Level 5 of the Dungeon
  5130 | D:5      | Reached skill level 11 in Maces & Flails
  5150 | D:5      | Found Mykesid's Distillery.
  5483 | D:5      | Reached XP level 8. HP: 66/78 MP: 8/8
  5517 | D:5      | Reached skill level 12 in Maces & Flails
  5659 | D:5      | Noticed Sigmund
  5768 | D:5      | Found a shadowy altar of Dithmenos.
  6070 | D:5      | HP: 1/78 [centaur (6)]
  6071 | D:5      | Succumbed to a centaur's poison

Vault maps used:
D:1:      dpeg_arrival_tiny_j, glass_columns_b
D:2:      kennysheep_six_static_rooms, first_bread
D:3:      mrwooster_statue_mirror
D:4:      serial_shops, shop, shop, shop
D:5:      kennysheep_mini, minmay_temple_entry_crystal_x, serial_shops,
          nicolae_shop_stone, uniq_sigmund

Skill      XL: |  1  2  3  4  5  6  7  8 |
---------------+-------------------------+-----
Maces & Flails | 5 6 7 8 10 11 12 | 12.5
Fighting       | |  4.0
Dodging        | |  2.6

Action                   |  1- 3 |  4- 6 |  7- 9 || total
-------------------------+-------+-------+-------++-------
Melee: Mace              |   105 |    92 |       ||   197
       Flail             |       |   132 |   112 ||   244
Throw: Tomahawk          |       |     4 |     3 ||     7
Invok: Berserk           |       |       |     1 ||     1
       Trog's Hand       |       |       |     1 ||     1
 Stab: Sleeping          |       |     2 |     2 ||     4
  Eat: Chunk             |     2 |     8 |     7 ||    17
